 Dungeon Crawl Stone Soup version 0.26.0-10-g1f06aea511 (webtiles) character file.

Game seed: 6093532103889652347

260 Borgoz the Slasher (level 6, -2/51 HPs)
             Began as a Ghoul Gladiator on Jan 30, 2021.
             Slain by a mummy (16 damage)
             ... in an ossuary.
             The game lasted 00:04:51 (3659 turns).

Borgoz the Slasher (Ghoul Gladiator)                Turns: 3659, Time: 00:04:51

Health: -2/51      AC:  7    Str: 18    XL:     6   Next: 17%
Magic:  5/5        EV: 12    Int:  3    God:
Gold:   212        SH:  0    Dex: 12    Spells: 5/5 levels left

rFire    . . .     SeeInvis .   a - +2 long sword
rCold    + + +     Faith    .   (no shield)
rNeg     + + +     Spirit   .   l - +1 ring mail {rC+}
rPois    ∞         Reflect  .   c - +0 helmet
rElec    .         Harm     .   (no cloak)
rCorr    .         Rampage  .   (no gloves)
Will     .....                  (no boots)
Stlth    +.........             (no amulet)
HPRegen  0.00/turn              k - ring of protection from cold
MPRegen  0.09/turn              (no ring)

@: marked
A: claws 1, cold resistance 1, negative energy resistance 3, inhibited
regeneration, torment resistance, unbreathing
a: no special abilities


You were in an ossuary.
You visited 1 branch of the dungeon, and saw 4 of its levels.
You also visited: Ossuary.

You collected 212 gold pieces.

Inventory:

Hand Weapons
 a - a +2 long sword (weapon)
 b - a +4 vampiric dagger
Missiles
 d - 2 throwing nets (quivered)
Armour
 c - a +0 helmet (worn)
 l - a +1 ring mail of cold resistance (worn)
Jewellery
 e - an uncursed amulet of guardian spirit
 k - a ring of protection from cold (left claw)
Wands
 i - a wand of iceblast (9)
Potions
 f - a potion of cancellation
 g - 2 potions of attraction {unknown}
 j - a potion of might
 m - a potion of flight {unknown}
 o - a potion of haste


   Skills:
 + Level 3.4 Fighting
 * Level 4.1 Long Blades
 - Level 1.7 Throwing
 * Level 2.9 Armour
 + Level 3.4 Dodging


You had 5 spell levels left.
You didn't know any spells.
Your spell library contained the following spells:

 Spells                   Type           Power        Failure   Level
 Animate Skeleton         Necr           0%           71%         1
 Apportation              Tloc           0%           71%         1
 Corona                   Hex            0%           71%         1
 Magic Dart               Conj           0%           71%         1
 Summon Small Mammal      Summ           0%           71%         1
 Blink                    Tloc           N/A          85%         2
 Call Imp                 Summ           0%           85%         2
 Slow                     Hex            0%           85%         2
 Conjure Flame            Conj/Fire      0%           97%         3
 Mephitic Cloud           Conj/Pois/Air  0%           97%         3


Dungeon Overview and Level Annotations

Branches:
Dungeon (4/15)            Ossuary (1/1)
 Temple: D:4-7

Altars:
Cheibriados
Fedhas
Gozag
Makhleb
Nemelex Xobeh
Ru
Sif Muna
Trog
The Shining One


Innate Abilities, Weirdness & Mutations

You thrive by killing the living.
You are immune to poison.
You have sharp fingernails.
Your flesh is cold resistant. (rC+)
You are immune to negative energy. (rN+++)
You do not regenerate when monsters are visible.
You are immune to unholy pain and torment.
You can survive without breathing.


Message History

You are too injured to fight recklessly!
You are too injured to fight recklessly!
You are too injured to fight recklessly!
You are too injured to fight recklessly!
You are too injured to fight recklessly!
You are too injured to fight recklessly!
You are too injured to fight recklessly!
You are too injured to fight recklessly!
You are too injured to fight recklessly!
You are too injured to fight recklessly!
You are too injured to fight recklessly!
The big kobold zombie hits you.
The big kobold zombie barely misses you.
You feel the dreadful sensation subside.
a - a +2 long sword (weapon)
An elf zombie comes into view.
You barely miss the mummy. The big kobold zombie hits you.
* * * LOW HITPOINT WARNING * * *
The kobold zombie barely misses you. The mummy hits you!
You die...

######################
#....................#
#........Z...........#
#.....ZZZ8..8........#
#.....@MMZZZ.........#
#...######ZZ######...#
#...# #..# #...# #...#
#..# #...#
#...#.####Z.####Z#...#
#...#.....Z.Z..Z.#...#
#...#....MM.####Z#...#
#...#.......# #...#
#...#....Z.Z# #...#


You could see 2 mummies, a kobold zombie, 2 big kobold zombies, an orc zombie, 3
elf zombies, a centaur zombie and a human zombie.

Vanquished Creatures
  An orc priest (D:3)
  A worker ant (D:4)
  6 adders
  A gnoll (D:2)
  A white imp (D:2)
  An ooze (D:2)
  An adder zombie (Ossuary)
  3 worms (D:2)
  5 dart slugs
  2 leopard geckos
  8 orcs
  8 bats
  4 giant cockroaches
  7 goblins
  11 hobgoblins
  4 jackals (D:1)
  2 quokkas (D:2)
  A ball python (D:3)
  2 frilled lizards
  6 hobgoblin zombies (Ossuary)
  9 kobolds
  10 kobold zombies (Ossuary)
  4 orc zombies (Ossuary)
  A quokka skeleton (D:4)
  9 rats
108 creatures vanquished.

Vanquished Creatures (others)
  4 plants (D:4)
4 creatures vanquished.

Grand Total: 112 creatures vanquished

Notes
Turn   | Place    | Note
-------+----------+-------------------------------------------
     0 | D:1      | Borgoz the Ghoul Gladiator began the quest for the Orb.
     0 | D:1      | Reached XP level 1. HP: 17/17 MP: 0/0
   433 | D:2      | Reached XP level 2. HP: 15/24 MP: 1/1
   658 | D:1      | Reached skill level 3 in Long Blades
   664 | D:1      | Reached skill level 1 in Armour
   823 | D:1      | Reached XP level 3. HP: 30/30 MP: 2/2
  1168 | D:2      | Found an opulent altar of Gozag.
  1236 | D:2      | Found a sparkling altar of Nemelex Xobeh.
  1237 | D:2      | Found a burning altar of Makhleb.
  1237 | D:2      | Found a sacrificial altar of Ru.
  1239 | D:2      | Found a glowing golden altar of the Shining One.
  1298 | D:2      | Found a snail-covered altar of Cheibriados.
  1315 | D:2      | Found a sacrificial altar of Ru.
  1390 | D:2      | Reached XP level 4. HP: 37/37 MP: 3/3
  1410 | D:2      | Found a blossoming altar of Fedhas.
  1427 | D:2      | Found a shimmering blue altar of Sif Muna.
  1458 | D:2      | Identified Sif Muna's Collected Works on Translocation
  1517 | D:2      | Found a bloodstained altar of Trog.
  2015 | D:2      | Reached XP level 5. HP: 44/45 MP: 4/4
  3191 | D:3      | Reached skill level 4 in Long Blades
  3329 | D:4      | Reached XP level 6. HP: 39/51 MP: 5/5
  3379 | D:4      | Found a sand-covered staircase.
  3399 | Ossuary  | Entered an ossuary
  3659 | Ossuary  | Slain by a mummy

Illustrated notes

Levels and vault maps discovered:
D:1:      dpeg_arrival_windows_large_door, layout_rooms
D:2:      kb_forest_paths, layout_basic, nzn_overflow_gifts_of_might_and_magic,
          overflow_temple_1_default, chequers_temple_overflow_statue_of_worship,
          old_standard_altar, lemuel_round_altar, hangedman_decor_points,
          hangedman_ru_absence
D:3:      layout_loops_corners
D:4:      layout_rooms, general_overflow_altar,
          lightli_ossuary_entry_decrepit_ruins, serial_bayou_lake_a
Ossuary:  ossuary_tomb_1

Skill      XL: |  1  2  3  4  5 |
---------------+----------------+-----
Long Blades    | 3 4 |  4.1
Armour         | 1 2 |  2.9
Dodging        | 3 |  3.4
Fighting       | 3 |  3.4
Throwing       | |  1.7

Action                   |  1- 3 |  4- 6 || total
-------------------------+-------+-------++-------
Melee: Long sword        |    93 |    82 ||   175
       Dagger            |       |   245 ||   245
Throw: Throwing net      |       |     1 ||     1
  Use: Potion            |     1 |     1 ||     2
       Scroll            |     8 |     7 ||    15
 Stab: Held in net/web   |       |     1 ||     1
Armor: Leather armour    |    38 |       ||    38
       Ring mail         |     1 |    91 ||    92
Dodge: Dodged            |    87 |   181 ||   268
       Rpst.: Long sword |    25 |    16 ||    41
